 Dungeon Crawl Stone Soup version 0.28-a0-802-g09f76e8c00 (webtiles) character file.

Game seed: 17782319914617910853

0 spiderkeys the Ducker (level 1, 0/13 HPs)
             Began as a Deep Elf Abyssal Knight on Nov 7, 2021.
             Was a Follower of Lugonu.
             Slain by an ufetubus (1 damage)
             ... summoned by a ynoxinul
             ... on level 1 of the Abyss.
             The game lasted 00:00:40 (95 turns).

spiderkeys the Ducker (Deep Elf Abyssal Knight)       Turns: 95, Time: 00:00:41

Health: 0/13       AC:  3    Str: 10    XL:     1   Next: 0%
Magic:  4/4        EV: 12    Int: 14    God:    Lugonu [*.....]
Gold:   26         SH:  0    Dex: 15    Spells: 0/0 levels left

rFire   . . .      SeeInvis .   a - +1 spear
rCold   . . .      Faith    .   (no shield)
rNeg    . . .      Spirit   .   b - +0 leather armour
rPois   .          Reflect  .   (no helmet)
rElec   .          Harm     .   (no cloak)
rCorr   .          Rampage  .   (no gloves)
Will    .....                   (no boots)
Stlth   +.........              (no amulet)
HPRegen 0.04/turn               (no ring)
MPRegen 0.09/turn               (no ring)

@: no status effects
A: no striking features
a: Renounce Religion, Depart the Abyss


You were on level 1 of the Abyss.
You worshipped Lugonu.
Lugonu was aware of your devotion.
You visited 0 branches of the dungeon, and saw 0 of its levels.
You visited the Abyss 1 time.

You collected 26 gold pieces.


   Skills:
 + Level 2.4 Fighting
 - Level 1.3 Polearms
 + Level 0.0(1.1) Staves
 - Level 0.7 Armour
 + Level 2.4 Dodging
 + Level 0.0 Spellcasting
 + Level 2.0 Invocations


You couldn't memorise any spells.
You didn't know any spells.
Your spell library was empty.

Inventory:

Hand Weapons
 a - a +1 spear (weapon)
Armour
 b - a +0 leather armour (worn)
Scrolls
 c - a scroll of identify {unknown}
Potions
 d - 2 potions of mutation {unknown}

Dungeon Overview and Level Annotations

Branches:
Dungeon (0/15)

Altars:

#...##.###.# # #
#. ..
####.###....#..
######...5#.##..#
### .. #.# .
#.#..#.## ....
....#.#.#.#X#.#
.##.#..
X.###..#w##...#
#...#
##........#..##..#
.# .####│#...x.5.#
#..∩ .#...#...#@#
.. . .#..####.#
.#..###...### ...
#...#.##. .. ..#..
#.. . . .#. ... ##
.#. .... #### ..
#. ## #.


You could see a tentacled starspawn, a small abomination and 2 ufetubi.


Message History

🤖 Initializing magus.rc ... ✅ Successfully initialized magus.rc [v1.9.10] Welcome, spiderkeys the Deep Elf Abyssal Knight.
Will you be the one to retrieve the glorious Orb of Zot from the depths?
Lugonu says: Depart the Abyss and spread corruption, my servant! (use the ability menu to exit the Abyss) Press ? for a list of commands and other information.
Found a scroll labelled WADGHY JAIQ.
Found a corrupted altar of Lugonu.
c - a scroll labelled WADGHY JAIQ You now have 9 gold pieces.
Found a gateway leading out of the Abyss.
Found a gateway leading out of the Abyss.
You now have 26 gold pieces (gained 17).
A ynoxinul comes into view.
Found a gateway leading out of the Abyss.
A tentacled starspawn comes into view.
You see here 2 fizzy white potions.
Unknown command.
d - 2 fizzy white potions A small abomination comes into view.
The small abomination hits you!
Ouch! That really hurt!
* * * LOW HITPOINT WARNING * * *
😱 HP[-12]
You take 12 damage, and now have 1/13 hp.
MASSIVE DAMAGE!! (PAUSE)
A ynoxinul comes into view.
The ynoxinul gestures.
A tentacle flies out from the starspawn's body!
A starspawn tentacle comes into view.
A starspawn tentacle comes into view.
The ufetubus hits you.
You die...

Levels and vault maps discovered:
Abyss:1:  base: Temple, minivault_1, base:
Temple

Notes
Turn   | Place    | Note
-------+----------+-------------------------------------------
     0 | Abyss:1  | spiderkeys the Deep Elf Abyssal Knight began the quest for
                  | the Orb.
     0 | Abyss:1  | Reached XP level 1. HP: 13/13 MP: 4/4
     0 | Abyss:1  | magus.rc [v1.9.10]
    66 | Abyss:1  | Noticed a ynoxinul
    76 | Abyss:1  | Noticed a tentacled starspawn
    85 | Abyss:1  | Noticed a small abomination
    85 | Abyss:1  | HP: 1/13 [small abomination (12)]
    86 | Abyss:1  | Noticed a ynoxinul
    95 | Abyss:1  | Slain by an ufetubus

Vanquished Creatures (others)
  2 starspawn tentacles (Abyss:1)
2 creatures vanquished.

Table legend:
 A = Non-vault XP
 B = Vault XP
 C = Vault XP percentage of total XP
 D = Non-vault monster count
 E = Vault monster count
 F = Vault count percentage of total count
                 A         B        C        D         E       F
            +---------+---------+-------+---------+---------+-------
      Total |       0 |       0 |   N/A |       0 |       0 |  -nan
            +---------+---------+-------+---------+---------+-------
            +---------+---------+-------+---------+---------+-------

Illustrated notes

Table legend: (Time is in decaauts)
 A = Elapsed time spent in this place.
 B = Non-inter-level travel time spent in this place.
 C = Inter-level travel time spent in this place.
 D = Time resting spent in this place.
 E = Time spent auto-exploring this place.
 F = Levels seen in this place.
 G = Mean time per level.
                   A        B        C        D        E       F      G
               +--------+--------+--------+--------+--------+-----+--------+
         Total |     95 |     95 |      0 |      0 |     62 |   1 |   95.0 |
         Abyss |     95 |     95 |      0 |      0 |     62 |   1 |   95.0 |
               +--------+--------+--------+--------+--------+-----+--------+

Top non-repeatable levels by time:
 Abyss:1: 95 daAuts
